 Dungeon Crawl Stone Soup version 0.27.1 (webtiles) character file.

Game seed: 9954257802506898283

30 Atelerd the Digger (level 3, -1/21 HPs)
             Began as an Octopode Earth Elementalist on Sept 2, 2021.
             Slain by a worm (11 damage)
             ... on level 2 of the Dungeon.
             The game lasted 00:00:40 (1226 turns).

Atelerd the Digger (Octopode Earth Elementalist)    Turns: 1226, Time: 00:00:41

Health: -1/21      AC:  1    Str:  7    XL:     3   Next: 18%
Magic:  4/6        EV: 13    Int: 18    God:
Gold:   55         SH:  0    Dex: 12    Spells: 6/7 levels left

rFire    . . .     SeeInvis .   a - +0 dagger
rCold    . . .     Faith    .   (no shield)
rNeg     . . .     Spirit   .   (helmet restricted)
rPois    .         Reflect  .   (no amulet)
rElec    .         Harm     .   (no ring)
rCorr    .         Rampage  .   (no ring)
Will     .....                  (no ring)
Stlth    +++.......             (no ring)
HPRegen  0.07/turn              (no ring)
MPRegen  0.10/turn              (no ring)
                                (no ring)
                                (no ring)

@: very slightly contaminated
A: almost no armour, amphibious, 8 rings, camouflage 1, gelatinous body 1,
(nimble swimmer 1), tentacles
a: no special abilities


You were on level 2 of the Dungeon.
You visited 1 branch of the dungeon, and saw 2 of its levels.

You collected 55 gold pieces.

Inventory:

Hand Weapons
 a - a +0 dagger (weapon)
Missiles
 b - 55 stones
Scrolls
 c - a scroll of immolation {unknown}
 d - a scroll of noise {unknown}


   Skills:
 - Level 2.0 Dodging
 - Level 2.6 Stealth
 + Level 2.5 Spellcasting
 + Level 1.8 Transmutations
 + Level 3.4 Earth Magic


You had 6 spell levels left.
You knew the following spells:

 Your Spells              Type           Power      Damage    Failure   Level
a - Sandblast             Erth           28%        2d8       4%          1

Your spell library contained the following spells:

 Spells                   Type           Power      Damage    Failure   Level
 Passwall                 Tmut/Erth      9%         N/A       9%          2
 Stone Arrow              Conj/Erth      16%        3d8       26%         3
 Petrify                  Tmut/Erth      11%        N/A       50%         4


Dungeon Overview and Level Annotations

Branches:
Dungeon (2/15)

Altars:


Innate Abilities, Weirdness & Mutations

You cannot wear most types of armour.
You are amphibious.
You can wear up to eight rings at the same time.
Your skin changes colour to match your surroundings (Stealth+).
Your rubbery body absorbs attacks. (AC +1, EV +1)
((You are camouflaged near water. (Stealth+)))
You have tentacles for arms and can constrict up to eight enemies at once.


Message History

HP restored.
You see here a ball python corpse.
A worm comes into view.
You can't see any susceptible monsters within range! (Use Z to cast anyway.)
A worm is nearby!
The blast of sand hits the worm!
The worm is heavily wounded.
A worm is nearby!
You hit the worm but do no damage. You grab the worm.
The worm is heavily wounded.
You constrict the worm. The worm bites you!
Ouch! That really hurt!
You are too injured to fight recklessly!
A worm is nearby!
You are too injured to fight recklessly!
You are too injured to fight recklessly!
A worm is nearby!
You are too injured to fight recklessly!
You are too injured to fight recklessly!
A worm is nearby!
You are too injured to fight recklessly!
You are too injured to fight recklessly!
A worm is nearby!
You are too injured to fight recklessly!
You are too injured to fight recklessly!
A worm is nearby!
You are too injured to fight recklessly!
A worm is nearby!
You are too injured to fight recklessly!
You are too injured to fight recklessly!
Casting: Sandblast (safe; 4% risk of failure)
Confirm with . or Enter, or press ? or * to list all spells.
Aiming: Sandblast (safe; 4% risk of failure)
Press: ? - help, Shift-Dir - straight line, f/p - worm
Aim: a worm (heavily wounded, constricted by you, 100% to hit)
You miscast Sandblast.
You are very lightly contaminated with residual magic.
Nothing appears to happen.
You constrict the worm. The worm bites you!
Ouch! That really hurt!
You die...

### ... #.# #w# ## #@#
#### #. #.# ##♣..♣ ♣.
###.########....♣♣♣♣
#..........†.♣♣P..♣♣
.......#########♣♣♣♣..♣
####...# ♣♣.♣ .....#
♣.♣ #....... ###♣♣.♣
##.##### #......


You could see a worm.

Vanquished Creatures
  2 dart slugs (D:1)
  3 ball pythons
  2 bats (D:1)
  3 endoplasms (D:1)
  A giant cockroach (D:1)
  4 goblins (D:1)
  2 hobgoblins (D:1)
  A quokka (D:1)
  A frilled lizard (D:2)
  2 kobolds (D:1)
  2 rats
23 creatures vanquished.

Vanquished Creatures (others)
  6 plants (D:2)
6 creatures vanquished.

Grand Total: 29 creatures vanquished

Notes
Turn   | Place    | Note
-------+----------+-------------------------------------------
     0 | D:1      | Atelerd the Octopode Earth Elementalist began the quest for
                  | the Orb.
     0 | D:1      | Reached XP level 1. HP: 11/11 MP: 3/3
   244 | D:1      | Reached XP level 2. HP: 17/17 MP: 3/5
   687 | D:1      | Found a faded altar of an unknown god.
   814 | D:1      | Reached XP level 3. HP: 21/21 MP: 4/6
  1226 | D:2      | Slain by a worm

Illustrated notes

Levels and vault maps discovered:
D:1:      kilobyte_arrival_exit_the_forest, layout_basic,
          shapermc_ecumenical_altar_hornbeckon, grunt_decor_junction
D:2:      layout_loops_ring, serial_shops, nicolae_shop_behind_doors,
          serial_forest, infiniplex_forest_clump_diagonal,
          infiniplex_forest_corner_2, infiniplex_forest_side_room,
          infiniplex_forest_corner_1

Action                   || total
-------------------------++-------
Melee: Unarmed           ||     1
       Dagger            ||     2
       Constrict         ||     1
 Cast: Sandblast         ||    25
Dodge: Dodged            ||     8
